 Dungeon Crawl Stone Soup version 0.28-a0-1387-g3a22ab9bdc (webtiles) character file.

Game seed: 3733514659606893793

9567 ragingrage the Grappler (level 11, -4/74 HPs)
             Began as a Gnoll Wanderer on Jan 2, 2022.
             Was a Believer of Nemelex Xobeh.
             Slain by a minotaur (22 damage)
             ... in a Gauntlet.
             The game lasted 00:23:17 (14431 turns).

ragingrage the Grappler (Gnoll Wanderer)           Turns: 14431, Time: 00:23:17

Health: -4/74      AC: 13    Str: 28    XL:     11   Next: 48%
Magic:  20/20      EV: 14    Int:  7    God:    Nemelex Xobeh [**....]
Gold:   427        SH:  0    Dex: 13    Spells: 22/22 levels left

rFire   . . .      SeeInvis .   a - +2 short sword (elec)
rCold   . . .      Faith    .   (no shield)
rNeg    . . .      Spirit   .   E - +4 ring mail of Ufa Qeisawn {rPois Str+6 Int-3}
rPois   +          Reflect  .   (no helmet)
rElec   .          Harm     .   (no cloak)
rCorr   .          Rampage  .   h - +0 pair of gloves
Will    .....      NoTele   +   (no boots)
Stlth   +++.......              (no amulet)
HPRegen 0.22/turn               l - +4 ring of slaying
MPRegen 0.17/turn               d - +6 ring of strength

@: no status effects
A: fangs 1, strong nose, distributed training, iridescent scales 1, frail 1,
sturdy frame 1
a: Renounce Religion, Draw Escape, Draw Destruction, Draw Summoning


You were in a Gauntlet.
You worshipped Nemelex Xobeh.
Nemelex Xobeh was pleased with you.
You visited 2 branches of the dungeon, and saw 12 of its levels.
You also visited: Gauntlet.

You collected 547 gold pieces.
You spent 120 gold pieces at shops.

Inventory:

Hand Weapons
 a - a +2 short sword of electrocution (weapon)
 b - a +2 shortbow of flaming
 p - a +0 short sword of holy wrath
Missiles
 e - 34 poisoned darts (quivered)
 y - 4 throwing nets
 G - a curare-tipped dart
 K - 63 arrows
Armour
 h - a +0 pair of gloves (worn)
 w - the +7 chain mail of Weirdness {Dex+4}
   (You found it on level 5 of the Dungeon)

   Dex:       It affects your dexterity (+4).
 E - the +4 ring mail of Ufa Qeisawn (worn) {rPois Str+6 Int-3}
   (You found it on level 7 of the Dungeon)

   Str:       It affects your strength (+6).
   Int:       It affects your intelligence (-3).
   rPois:     It protects you from poison.
Jewellery
 d - a +6 ring of strength (right hand)
 l - a +4 ring of slaying (left hand)
 m - a ring of see invisible
 D - a +6 ring of strength
Wands
 B - a wand of polymorph (10)
 F - a wand of flame (17)
Scrolls
 i - 5 scrolls of teleportation
 j - 3 scrolls of magic mapping {unknown}
 k - a scroll of amnesia {unknown}
 n - 4 scrolls of identify {unknown}
 q - 2 scrolls of summoning {unknown}
 s - 2 scrolls of torment {unknown}
 u - a scroll of fear {unknown}
 x - 2 scrolls of blinking {unknown}
 A - a scroll of silence {unknown}
 C - 2 scrolls of fog {unknown}
 M - a scroll of enchant armour {unknown}
Potions
 f - 3 potions of mutation
 g - 2 potions of curing
 r - a potion of magic {unknown}
 t - 2 potions of degeneration {unknown}
 v - 2 potions of haste {unknown}
 z - 2 potions of attraction {unknown}
 H - a potion of lignification {unknown}
 I - a potion of invisibility {unknown}
 J - 3 potions of brilliance
Miscellaneous
 o - a condenser vane (inert)
 L - a tin of tremorstones (1/2)


   Skills:
 + Level 6.9 Fighting
 + Level 6.3 Short Blades
 + Level 6.3 Long Blades
 + Level 9.2 Axes
 + Level 6.3 Maces & Flails
 + Level 6.3 Polearms
 + Level 6.3 Staves
 + Level 6.3 Slings
 + Level 6.3 Bows
 + Level 6.3 Crossbows
 + Level 6.3 Throwing
 + Level 6.3 Armour
 + Level 6.3 Dodging
 + Level 6.3 Stealth
 + Level 6.3 Shields
 + Level 12.1 Unarmed Combat
 + Level 6.3 Spellcasting
 + Level 5.2 Conjurations
 + Level 5.2 Hexes
 + Level 5.2 Summonings
 + Level 5.2 Necromancy
 + Level 5.2 Translocations
 + Level 5.2 Transmutations
 + Level 5.2 Fire Magic
 + Level 5.2 Ice Magic
 + Level 5.2 Air Magic
 + Level 5.2 Earth Magic
 + Level 5.2 Poison Magic
 + Level 7.0 Invocations
 + Level 6.9 Evocations


You had 22 spell levels left.
You didn't know any spells.
Your spell library contained the following spells:

 Spells                   Type           Power      Damage    Failure   Level
 Scorch                   Fire           18%        2d5       4%          2
 Conjure Flame            Conj/Fire      9%         6-21      10%         3
 Ignite Poison            Fire/Tmut/Pois 9%         N/A       10%         3
 Flame Wave               Conj/Fire      9%         2d4       32%         4
 Olgreb's Toxic Radiance  Pois           9%         N/A       32%         4
 Sticky Flame             Conj/Fire      9%         2d3       32%         4
 Summon Cactus Giant      Summ           4%         N/A       99%         6
 Ozocubu's Refrigeration  Ice            4%         4d5       100%        7
 Ignition                 Fire           4%         3d4       100%        8


Dungeon Overview and Level Annotations

Branches:
Dungeon (11/15)            Temple (1/1) D:7         Gauntlet (1/1)
   Lair: D:8-11         Orc: D:9-12

Altars:
Ashenzari
Cheibriados
Elyvilon
Fedhas
Gozag
Kikubaaqudgha
Makhleb
Nemelex Xobeh
Okawaru
Qazlal
Ru
Sif Muna
Trog
Uskayaw
Vehumet
Wu Jian
Xom
Zin
The Shining One

Shops:
D:2 !

Annotations:
Gauntlet 9 transporters, 4 runed translucent doors


Innate Abilities, Weirdness & Mutations

You have very sharp teeth.
Your uncanny sense of smell can sniff out nearby items.
Your experience applies equally to all skills.
You are partially covered in iridescent scales. (AC +2)
You are frail. (-10% HP)
Your movements are slightly less encumbered by armour. (ER -2)


Message History

The minotaur is moderately wounded.
You shoot an arrow. The arrow hits the minotaur.
The arrow burns the minotaur.
The minotaur is moderately wounded.
You shoot an arrow. The arrow hits the minotaur!
The arrow burns the minotaur.
The minotaur is heavily wounded.
The minotaur throws a silver javelin.
The silver javelin pierces through you. The silver sears you!
You shoot an arrow.
The arrow hits the minotaur but does no damage.
The minotaur is heavily wounded.
You shoot an arrow.
The arrow hits the minotaur but does no damage.
The minotaur is heavily wounded.
The minotaur hits you from afar with a +0 halberd!!
You are too injured to fight recklessly!
You are too injured to fight recklessly!
Your +2 shortbow of flaming stops flaming.
You hear the crackle of electricity.
a - a +2 short sword of electrocution (weapon)
The minotaur is no longer moving slowly.
The minotaur hits you with a +0 halberd!
The minotaur gores you.
You hit the minotaur.
Lightning courses through the minotaur!!
The minotaur is almost dead.
The minotaur hits you with a +0 halberd!
* * * LOW HITPOINT WARNING * * *
The minotaur gores you!
* * * LOW HITPOINT WARNING * * *
You hit the minotaur but do no damage.
You bite the minotaur, but do no damage.
The minotaur is almost dead.
You feel much better.
The minotaur hits you with a +0 halberd!!
* * * LOW HITPOINT WARNING * * *
The minotaur completely misses you.
You feel much better.
The minotaur hits you with a +0 halberd!!
You die...
Your body glows slightly and disappears.

.#p.#.≈≈# .#Y.#.≈##
.#Y.#.## ##
©#Y.#..###≈##
#####...#≈≈≈#
©..8#...#...###
...©#.8.#...#..
©..8#.⌠.#.8.#.######
#####.8.#.©.#.#.@H.#
©...#...#.8.#.#.##(...#
....#...#.©.#...# (##.#
###.#.8.#.8.#.#.# (8 #
©...#.∩.#.©...#.# ∩.#
###.#.8.#.8.#.#.# .8#
...5#...#.©.#.#.# ###
p5.5#...#.8.#.#.#
#####.8.#.©.#.#..


You could see a minotaur (very poisoned).

Vanquished Creatures
  Harold (D:8)
  2 two-headed ogres
  A tengu warrior (Gauntlet)
  Joseph (D:7)
  A tengu conjurer (Gauntlet)
  A troll (D:10)
  Prince Ribbit (D:7)
  3 slime creatures (D:11)
  A meliai zombie (D:10)
  Sigmund (D:6)
  2 shadows
  A wyvern (D:10)
  A yak (D:10)
  A vampire (D:11)
  2 fire bats (Gauntlet)
  Menkaure (D:5)
  4 vampire mosquitoes (D:9)
  An acid dragon (D:10)
  2 black bears
  3 orc warriors
  2 ice beasts (D:6)
  An ogre (D:6)
  4 centaurs
  2 kobold brigands
  2 phantoms (D:7)
  5 bullfrogs
  A scorpion (D:6)
  4 killer bees (D:9)
  A howler monkey (D:10)
  12 wights
  6 centaur zombies
  6 hounds
  2 orc priests
  2 jellies
  7 orc wizards
  A hound skeleton (D:5)
  8 gnolls
  8 adders
  A river rat (D:9)
  A white imp (D:6)
  2 worms (D:2)
  16 orcs
  9 endoplasms
  4 giant cockroaches (D:1)
  10 goblins
  8 hobgoblins
  3 jackals (D:4)
  3 quokkas
  7 ball pythons
  4 bats
  5 frilled lizards
  16 kobolds
  8 rats
202 creatures vanquished.

Vanquished Creatures (collateral kills)
  An orc warrior (D:10)
  3 wights (D:9)
4 creatures vanquished.

Vanquished Creatures (others)
  A fungus (Gauntlet)
  2 plants (D:1)
3 creatures vanquished.

Grand Total: 209 creatures vanquished

Notes
Turn   | Place    | Note
-------+----------+-------------------------------------------
     0 | D:1      | Reached skill level 10 in Unarmed Combat
     0 | D:1      | ragingrage the Gnoll Wanderer began the quest for the Orb.
     0 | D:1      | ragingrage set off with the following items: a +1 hand axe,
                  | a potion of brilliance, a potion of heal wounds, a +0
                  | leather armour
     0 | D:1      | Reached XP level 1. HP: 17/17 MP: 1/1
    90 | D:1      | Reached XP level 2. HP: 19/23 MP: 2/2
   101 | D:1      | HP: 1/23 [frozen (5)]
   755 | D:1      | Reached XP level 3. HP: 24/28 MP: 3/3
  1236 | D:1      | Reached skill level 1 in Invocations
  1508 | D:2      | You fall into a shaft and drop 1 floor!
  1516 | D:2      | Found Ziroo's Distillery.
  1538 | D:2      | Reached skill level 1 in Short Blades
  1538 | D:2      | Reached skill level 1 in Long Blades
  1538 | D:2      | Reached skill level 1 in Maces & Flails
  1538 | D:2      | Reached skill level 1 in Polearms
  1538 | D:2      | Reached skill level 1 in Staves
  1538 | D:2      | Reached skill level 1 in Slings
  1538 | D:2      | Reached skill level 1 in Bows
  1538 | D:2      | Reached skill level 1 in Crossbows
  1538 | D:2      | Reached skill level 1 in Throwing
  1538 | D:2      | Reached skill level 1 in Armour
  1538 | D:2      | Reached skill level 1 in Dodging
  1538 | D:2      | Reached skill level 1 in Stealth
  1538 | D:2      | Reached skill level 1 in Shields
  1538 | D:2      | Reached skill level 1 in Spellcasting
  1830 | D:2      | Reached XP level 4. HP: 34/34 MP: 5/5
  1856 | D:2      | Found an iron altar of Okawaru.
  2126 | D:2      | Bought a potion of curing for 30 gold pieces
  2126 | D:2      | Bought a potion of heal wounds for 50 gold pieces
  2695 | D:2      | Bought a potion of might for 40 gold pieces
  2993 | D:3      | Reached skill level 1 in Conjurations
  2993 | D:3      | Reached skill level 1 in Hexes
  2993 | D:3      | Reached skill level 1 in Summonings
  2993 | D:3      | Reached skill level 1 in Necromancy
  2993 | D:3      | Reached skill level 1 in Translocations
  2993 | D:3      | Reached skill level 1 in Transmutations
  2993 | D:3      | Reached skill level 1 in Fire Magic
  2993 | D:3      | Reached skill level 1 in Ice Magic
  2993 | D:3      | Reached skill level 1 in Air Magic
  2993 | D:3      | Reached skill level 1 in Earth Magic
  2993 | D:3      | Reached skill level 1 in Poison Magic
  3455 | D:3      | Reached XP level 5. HP: 40/40 MP: 6/6
  4145 | D:3      | Found an iron altar of Okawaru.
  4660 | D:4      | Reached XP level 6. HP: 38/47 MP: 8/8
  5605 | D:5      | Entered Level 5 of the Dungeon
  5811 | D:5      | Noticed an ice beast
  6172 | D:5      | Identified the +7 chain mail of Weirdness {Dex+4}
  6213 | D:5      | Found a shimmering altar of Xom.
  6245 | D:5      | Found a snail-covered altar of Cheibriados.
  6246 | D:5      | Found a hide-covered altar of Uskayaw.
  6306 | D:5      | Noticed Menkaure
  6317 | D:5      | Killed Menkaure
  6318 | D:5      | Reached XP level 7. HP: 19/52 MP: 10/10
  6604 | D:5      | Noticed a steam dragon
  7359 | D:6      | Reached XP level 8. HP: 44/60 MP: 12/12
  7527 | D:6      | Noticed Sigmund
  7535 | D:6      | Killed Sigmund
  7877 | D:6      | Reached skill level 11 in Unarmed Combat
  8267 | D:7      | Identified the +4 ring mail of Ufa Qeisawn {rPois Str+6
                  | Int-3}
  8461 | D:7      | Noticed Prince Ribbit
  8476 | D:7      | Killed Prince Ribbit
  8477 | D:7      | Reached XP level 9. HP: 21/66 MP: 14/14
  8894 | D:7      | Found a staircase to the Ecumenical Temple.
  8906 | Temple   | Entered the Ecumenical Temple
  8975 | Temple   | Became a worshipper of Nemelex Xobeh the Trickster
  9361 | D:7      | Identified the +3 leather armour "Xasoitar" {rF++ Will-
                  | Dex+6}
  9413 | D:7      | Noticed Joseph
  9425 | D:7      | Killed Joseph
  9426 | D:7      | Reached skill level 5 in Fighting
  9426 | D:7      | Reached skill level 5 in Evocations
  9839 | D:8      | Noticed Harold
  9859 | D:8      | Killed Harold
  9860 | D:8      | Reached skill level 5 in Invocations
 10141 | D:8      | Reached * piety under Nemelex Xobeh
 10246 | D:8      | Reached XP level 10. HP: 72/74 MP: 17/17
 10355 | D:9      | Noticed a two-headed ogre
 10367 | D:9      | Gained mutation: You are partially covered in iridescent
                  | scales. (AC +2) [potion of mutation]
 10367 | D:9      | Gained mutation: Your movements are slightly less
                  | encumbered by armour. (ER -2) [potion of mutation]
 10367 | D:9      | Gained mutation: You are frail. (-10% HP) [potion of
                  | mutation]
 10378 | D:9      | Reached skill level 5 in Short Blades
 10378 | D:9      | Reached skill level 5 in Long Blades
 10378 | D:9      | Reached skill level 5 in Maces & Flails
 10378 | D:9      | Reached skill level 5 in Polearms
 10378 | D:9      | Reached skill level 5 in Staves
 10378 | D:9      | Reached skill level 5 in Slings
 10378 | D:9      | Reached skill level 5 in Bows
 10378 | D:9      | Reached skill level 5 in Crossbows
 10378 | D:9      | Reached skill level 5 in Throwing
 10378 | D:9      | Reached skill level 5 in Armour
 10378 | D:9      | Reached skill level 5 in Dodging
 10378 | D:9      | Reached skill level 5 in Stealth
 10378 | D:9      | Reached skill level 5 in Shields
 10378 | D:9      | Reached skill level 5 in Spellcasting
 10668 | D:9      | Received a gift from Nemelex Xobeh
 10773 | D:9      | Identified the +1 leather armour of Life {-Tele rPois
                  | rN+++}
 11619 | D:9      | Killed a two-headed ogre
 12246 | D:10     | Entered Level 10 of the Dungeon
 12594 | D:10     | Identified the +1 leather armour of Vasuyd {Str+4 Dex+3}
 12685 | D:10     | Noticed a two-headed ogre
 12693 | D:10     | Killed a two-headed ogre
 12792 | D:10     | Reached XP level 11. HP: 74/74 MP: 19/19
 13046 | D:10     | Reached skill level 12 in Unarmed Combat
 13263 | D:10     | Reached skill level 5 in Conjurations
 13263 | D:10     | Reached skill level 5 in Hexes
 13263 | D:10     | Reached skill level 5 in Summonings
 13263 | D:10     | Reached skill level 5 in Necromancy
 13263 | D:10     | Reached skill level 5 in Translocations
 13263 | D:10     | Reached skill level 5 in Transmutations
 13263 | D:10     | Reached skill level 5 in Fire Magic
 13263 | D:10     | Reached skill level 5 in Ice Magic
 13263 | D:10     | Reached skill level 5 in Air Magic
 13263 | D:10     | Reached skill level 5 in Earth Magic
 13263 | D:10     | Reached skill level 5 in Poison Magic
 13414 | D:10     | Reached ** piety under Nemelex Xobeh
 13799 | D:11     | Found a gate leading to a gauntlet.
 13841 | Gauntlet | Entered a Gauntlet
 13841 | Gauntlet | Found a transporter.
 13847 | Gauntlet | Noticed a fire crab
 13850 | Gauntlet | Found a transporter.
 13853 | Gauntlet | Found a transporter.
 13854 | Gauntlet | Found a transporter.
 13858 | Gauntlet | Found a runed translucent door.
 13860 | Gauntlet | Found a runed translucent door.
 13860 | Gauntlet | Noticed a tengu warrior
 13862 | Gauntlet | Found a transporter.
 13865 | Gauntlet | Found a transporter.
 13866 | Gauntlet | Found a transporter.
 13875 | Gauntlet | Found a transporter.
 13877 | Gauntlet | Found a transporter.
 13878 | Gauntlet | Found a transporter.
 13878 | Gauntlet | Noticed a wizard
 13880 | Gauntlet | Noticed a death yak
 13881 | Gauntlet | Noticed a death yak
 13882 | Gauntlet | Noticed a death yak
 13884 | Gauntlet | Found a runed translucent gate.
 13884 | Gauntlet | Found a runed translucent gate.
 13884 | Gauntlet | Noticed a necromancer
 13885 | Gauntlet | Noticed a death yak
 13886 | Gauntlet | Found a runed translucent gate.
 13886 | Gauntlet | Found a transporter.
 13889 | Gauntlet | Found a transporter.
 13890 | Gauntlet | Found a transporter.
 13895 | Gauntlet | Noticed a thrashing horror
 13897 | Gauntlet | Noticed a thrashing horror
 13898 | Gauntlet | Found a transporter.
 14177 | Gauntlet | Killed a tengu warrior
 14410 | Gauntlet | Identified the ring "Tuxeihop" {Will++ rCorr Dex+4}
 14410 | Gauntlet | Noticed a minotaur
 14428 | Gauntlet | HP: 2/74 [minotaur (7)]
 14431 | Gauntlet | Slain by a minotaur

Illustrated notes

Levels and vault maps discovered:
D:1:      saegor_arrival_fortress, layout_basic, serial_bayou_pond_b
D:2:      layout_basic, serial_shops, nicolae_shop_waterfront, minivault_19,
          minmay_hexomino_r4
D:3:      layout_basic, kennysheep_okawaru_gauntlet, minmay_misc_feat_rugged
D:4:      layout_basic
D:5:      layout_basic, minitemple, uniq_menkaure
D:6:      layout_cave_pools, uniq_sigmund
D:7:      layout_basic, minmay_temple_entry_proselytizer, glass_columns_b,
          uniq_joseph, uniq_prince_ribbit1
D:8:      layout_loops_ring, lair_entry_dummy, uniq_grum, uniq_harold
D:9:      layout_basic
D:10:     layout_roguey, serial_curves, eino_curves_03, eino_curves_02,
          minmay_between
D:11:     layout_loops_ring, orc_0_dummy, gauntlet_entry_generic
Temple:   mainiacjoe_temple_coin_purse
Gauntlet: gammafunk_gauntlet_77_escape_option
          [minmay_gauntlet_arena_77_two_paths, minmay_gauntlet_arena_77_cramped,
          minmay_gauntlet_arena_77_chump_sandwich,
          minmay_gauntlet_arena_77_run_for_it,
          minmay_gauntlet_arena_77_hold_the_fort,
          dreamdust_gauntlet_exit_labyrinth]

Skill      XL: |  1  2  3  4  5  6  7  8  9 10 11 |
---------------+----------------------------------+-----
Unarmed Combat | 11 12 | 12.1
Invocations    | 1 2 3 4 5 6 7 |  7.0
Short Blades   | 1 2 3 4 5 6 |  6.3
Long Blades    | 1 2 3 4 5 6 |  6.3
Maces & Flails | 1 2 3 4 5 6 |  6.3
Polearms       | 1 2 3 4 5 6 |  6.3
Staves         | 1 2 3 4 5 6 |  6.3
Slings         | 1 2 3 4 5 6 |  6.3
Bows           | 1 2 3 4 5 6 |  6.3
Crossbows      | 1 2 3 4 5 6 |  6.3
Throwing       | 1 2 3 4 5 6 |  6.3
Armour         | 1 2 3 4 5 6 |  6.3
Dodging        | 1 2 3 4 5 6 |  6.3
Stealth        | 1 2 3 4 5 6 |  6.3
Shields        | 1 2 3 4 5 6 |  6.3
Spellcasting   | 1 2 3 4 5 6 |  6.3
Conjurations   | 1 2 3 4 5 |  5.2
Hexes          | 1 2 3 4 5 |  5.2
Summonings     | 1 2 3 4 5 |  5.2
Necromancy     | 1 2 3 4 5 |  5.2
Translocations | 1 2 3 4 5 |  5.2
Transmutations | 1 2 3 4 5 |  5.2
Fire Magic     | 1 2 3 4 5 |  5.2
Ice Magic      | 1 2 3 4 5 |  5.2
Air Magic      | 1 2 3 4 5 |  5.2
Earth Magic    | 1 2 3 4 5 |  5.2
Poison Magic   | 1 2 3 4 5 |  5.2
Fighting       | 3 4 5 6 |  6.9
Evocations     | 3 4 5 6 |  6.9
Axes           | 7 8 9 |  9.2

Action                   |  1- 3 |  4- 6 |  7- 9 | 10-12 || total
-------------------------+-------+-------+-------+-------++-------
Melee: Hand axe          |   123 |   178 |   233 |       ||   534
       Bite              |     9 |    16 |    35 |    22 ||    82
       Punch             |     4 |     5 |    15 |    12 ||    36
       Short sword       |       |       |     6 |   174 ||   180
 Fire: Shortbow          |       |       |       |    89 ||    89
Throw: Boomerang         |     1 |    22 |     3 |       ||    26
       Dart              |       |    10 |    28 |    15 ||    53
Invok: Draw Destruction  |       |       |       |     3 ||     3
       Draw Summoning    |       |       |       |     2 ||     2
Evoke: Wand              |       |       |     4 |     4 ||     8
       Condenser vane    |       |       |       |     1 ||     1
       Tin of tremorston |       |       |       |     1 ||     1
  Use: Potion            |       |     2 |     1 |     7 ||    10
       Scroll            |       |       |     1 |     2 ||     3
 Stab: Sleeping          |       |     4 |     2 |       ||     6
Armor: Leather armour    |    40 |    41 |       |       ||    81
       Chain mail        |       |       |    86 |       ||    86
       Ring mail         |       |       |    49 |   124 ||   173
Dodge: Dodged            |    73 |    97 |   101 |   175 ||   446

Table legend: (Time is in decaauts)
 A = Elapsed time spent in this place.
 B = Non-inter-level travel time spent in this place.
 C = Inter-level travel time spent in this place.
 D = Time resting spent in this place.
 E = Time spent auto-exploring this place.
 F = Levels seen in this place.
 G = Mean time per level.
                   A        B        C        D        E       F      G
               +--------+--------+--------+--------+--------+-----+--------+
         Total |  14366 |  14012 |    354 |   3911 |   8108 |  13 | 1105.1 |
       Dungeon |  13704 |  13365 |    339 |   3560 |   7931 |  11 | 1245.8 |
        Temple |     78 |     63 |     15 |      0 |     50 |   1 |   78.0 |
      Gauntlet |    583 |    583 |      0 |    351 |    127 |   1 |  583.0 |
               +--------+--------+--------+--------+--------+-----+--------+

Top non-repeatable levels by time:
     D:9: 2114 daAuts
     D:2: 1792 daAuts
     D:6: 1630 daAuts
     D:1: 1438 daAuts
     D:7: 1272 daAuts
     D:3: 1261 daAuts
     D:4: 1116 daAuts
    D:10: 1008 daAuts
     D:5: 1003 daAuts
     D:8: 739 daAuts
Gauntlet: 583 daAuts
    D:11: 326 daAuts
  Temple: 78 daAuts
